 Dungeon Crawl Stone Soup version 0.22.1-7-g5c428e7 (webtiles) character file.

1199 Worm the Magician (level 8, 0/37 HPs)
             Began as a Spriggan Conjurer on Feb 12, 2019.
             Was an Initiate of Gozag.
             Slain by a centaur (10 damage)
             ... on level 6 of the Dungeon.
             The game lasted 00:18:47 (7973 turns).

Worm the Magician (Spriggan Conjurer)               Turns: 7973, Time: 00:18:48

Health: 0/37       AC:  2    Str:  6    XL:     8   Next: 20%
Magic:  6/20       EV: 20    Int: 17    God:    Gozag
Gold:   580        SH:  0    Dex: 16    Spells: 9/21 levels left

rFire    + . .     SeeInvis +   w - +1 short sword (speed)
rCold    + . .     Gourm    .   (shield restricted)
rNeg     + . .     Faith    .   a - +0 robe
rPois    .         Spirit   .   (helmet restricted)
rElec    .         Reflect  .   i - scarf {rC+ rF+}
rCorr    .         Harm     .   (gloves unavailable)
MR       +....                  (boots unavailable)
Stlth    +++.......             x - amulet of regeneration
HPRegen  0.52/turn              y - ring of positive energy
MPRegen  0.17/turn              (no ring)

@: gold aura, very quick
A: very small, unfitting armour, see invisible, herbivore, speed 3, slow
metabolism 2
a: Potion Petition, Call Merchant, Bribe Branch, Renounce Religion


You were on level 6 of the Dungeon.
You worshipped Gozag.
Gozag was pleased with you.
You were hungry.

You visited 1 branch of the dungeon, and saw 6 of its levels.

You collected 589 gold pieces.
You paid 9 gold pieces to Gozag.

Inventory:

Hand Weapons
 e - a +0 club
 r - a +0 dagger
 w - a +1 short sword of speed (weapon)
Missiles
 h - 7 poisoned needles
 B - 4 needles of paralysis
Armour
 a - a +0 robe (worn)
 i - a scarf of resistance (worn)
 j - a +0 helmet
Jewellery
 x - an amulet of regeneration (around neck)
 y - a ring of positive energy (left hand)
Wands
 m - a wand of flame (18)
Scrolls
 b - 2 scrolls of enchant armour {unknown}
 d - 2 scrolls of fog {unknown}
 f - 2 scrolls of teleportation {unknown}
 g - 6 scrolls of identify {unknown}
 o - 2 scrolls of noise {unknown}
 p - 2 scrolls of fear {unknown}
 q - a scroll of amnesia {unknown}
 s - 2 scrolls of remove curse {unknown}
 v - a scroll of immolation {unknown}
 C - a scroll of magic mapping {unknown}
Potions
 k - 6 potions of curing
 l - a potion of heal wounds {unknown}
 n - a potion of brilliance
 t - 2 potions of lignification {unknown}
 u - a potion of mutation {unknown}
 z - 2 potions of flight {unknown}
 A - a potion of ambrosia
Comestibles
 c - 10 rations


   Skills:
 + Level 1.0 Fighting
 - Level 0.3 Maces & Flails
 + Level 4.4 Dodging
 - Level 3.5 Stealth
 + Level 7.4 Spellcasting
 + Level 5.2 Conjurations
 * Level 4.6 Hexes
 - Level 2.2 Evocations


You had 9 spell levels left.
You knew the following spells:

 Your Spells              Type           Power        Failure   Level  Hunger
a - Magic Dart            Conj           ###.         1%          1    None
b - Dazzling Spray        Conj/Hex       ###...       4%          3    ##.....
c - Iskenderun's Mystic   Conj           ###.....     13%         4    ####...
d - Fulminant Prism       Conj/Hex       ###.......   14%         4    ####...

Your spell library contained the following spells:

 Spells                   Type           Power        Failure   Level  Hunger
 Searing Ray              Conj           ###...       1%          2    None
 Force Lance              Conj/Tloc      ###.....     36%         4    ####...


Dungeon Overview and Level Annotations

Branches:
Dungeon (6/15)
 Temple: D:4-7

Altars:
Ashenzari
Gozag
Nemelex Xobeh
Uskayaw
Vehumet

Annotations:
D:2 1 runed door, exclusions: door and downstairs
D:3 3 runed doors, Jaiteiro's ghost, weakling OpFi; Terence
D:4 exclusion: downstairs


Innate Abilities, Weirdness & Mutations

You are very small and have problems with some larger weapons.
You are too small for most types of armour.
You have supernaturally acute eyesight. (SInv)
You are a herbivore.
You cover ground extremely quickly.
You need to consume almost no food.


Message History

Okay, then.
Evoke which item? (* to show all) (? for menu, Esc to quit)
Okay, then.
Casting: Fulminant Prism (safe; 14% risk of failure)
Confirm with . or Enter, or press ? or * to list all spells.
Aiming: Dazzling Spray (safe; 4% risk of failure)
Press: ? - help, Shift-Dir - straight line The spray of energy hits the centaur.
The centaur is heavily wounded.
The centaur is dazzled.
The centaur completely misses you.
Your fulminant prism crackles loudly.
You closely miss the centaur.
The centaur is heavily wounded.
The centaur completely misses you.
Unknown command.
You hit the centaur.
The centaur is heavily wounded.
The centaur hits you!
You die...
Your body crumbles into a pile of gold.

..........
...........
.........)##
...(.......
........#.### #
........#...##..
........$.......
.......<........
..!.....@.......
.......##c.*....
$ ......#
....... $ #####.
.....## $ ..
..#### .# ... ..
$ .... ....


You could see a centaur (blind) and a friendly fulminant prism.

Vanquished Creatures
  Grinder (D:4)
  Sigmund (D:5)
  Edmund (D:5)
  A centaur (D:2)
  Blork the orc (D:5)
  A scorpion (D:5)
  A crimson imp (D:5)
  A hound (D:4)
  An orc priest (D:3)
  An orc wizard (D:4)
  2 bullfrog skeletons
  An iguana (D:5)
  Natasha (thrice) (D:3)
  Ijyb (D:4)
  7 gnolls
  2 adders
  3 oozes
  An adder zombie (D:2)
  3 adder skeletons (D:2)
  A worm (D:2)
  3 dart slugs
  4 leopard geckos
  14 orcs
  A ball python (D:4)
  A bat skeleton (D:2)
  A bat zombie (D:2)
  A giant cockroach (D:1)
  7 hobgoblins
  4 jackals (D:1)
  4 quokkas
  5 bats
  3 frilled lizards
  4 goblins
  A jackal zombie (D:5)
  9 kobolds
  A leopard gecko zombie (D:2)
  5 rats
102 creatures vanquished.

Vanquished Creatures (others)
  3 fulminant prisms (D:5)
3 creatures vanquished.

Grand Total: 105 creatures vanquished

Notes
Turn   | Place    | Note
-------+----------+-------------------------------------------
     0 | D:1      | Worm the Spriggan Conjurer began the quest for the Orb.
     0 | D:1      | Reached XP level 1. HP: 9/9 MP: 5/5
   483 | D:1      | Reached XP level 2. HP: 13/13 MP: 4/6
   993 | D:1      | Reached skill level 3 in Spellcasting
  1360 | D:1      | Reached XP level 3. HP: 16/16 MP: 2/8
  1927 | D:2      | Found an opulent altar of Gozag.
  2035 | D:2      | Noticed a centaur
  2244 | D:2      | Learned a level 3 spell: Dazzling Spray
  2498 | D:2      | Found a runed door.
  2539 | D:2      | Became a worshipper of Gozag Ym Sagoz the Greedy
  2571 | D:2      | Reached XP level 4. HP: 21/21 MP: 7/10
  3111 | D:2      | Killed a centaur
  3111 | D:2      | Reached skill level 4 in Spellcasting
  3111 | D:2      | Reached skill level 1 in Hexes
  3111 | D:2      | Reached XP level 5. HP: 4/24 MP: 10/12
  3777 | D:3      | Noticed Jaiteiro's ghost (weakling OpFi)
  3997 | D:3      | Found a runed gate.
  3997 | D:3      | Found a runed gate.
  3997 | D:3      | Found a runed gate.
  4137 | D:3      | Noticed Natasha
  4144 | D:3      | Killed Natasha
  4168 | D:3      | Noticed Natasha
  4172 | D:3      | Killed Natasha
  4218 | D:3      | Noticed Terence
  4302 | D:3      | Noticed Natasha
  4320 | D:3      | Killed Natasha
  4320 | D:3      | Reached XP level 6. HP: 16/28 MP: 1/14
  4778 | D:3      | Learned a level 4 spell: Iskenderun's Mystic Blast
  5113 | D:4      | Reached skill level 5 in Spellcasting
  5271 | D:4      | Noticed Grinder
  5289 | D:4      | Killed Grinder
  5289 | D:4      | Reached skill level 1 in Evocations
  5289 | D:4      | Reached XP level 7. HP: 8/32 MP: 3/16
  5695 | D:4      | Found a sparkling altar of Nemelex Xobeh.
  5883 | D:4      | Found a shattered altar of Ashenzari.
  6267 | D:4      | Reached skill level 6 in Spellcasting
  6345 | D:5      | Entered Level 5 of the Dungeon
  6345 | D:5      | Noticed Ijyb
  6638 | D:5      | Noticed Sigmund
  6755 | D:4      | Killed Ijyb
  6957 | D:5      | Killed Sigmund
  7049 | D:5      | Noticed Edmund
  7062 | D:4      | Learned a level 4 spell: Fulminant Prism
  7108 | D:5      | Killed Edmund
  7108 | D:5      | Reached skill level 7 in Spellcasting
  7108 | D:5      | Reached skill level 5 in Conjurations
  7108 | D:5      | Reached XP level 8. HP: 37/37 MP: 0/19
  7315 | D:5      | Noticed Blork the orc
  7320 | D:5      | Killed Blork the orc
  7382 | D:5      | Found a radiant altar of Vehumet.
  7537 | D:5      | Found a hide-covered altar of Uskayaw.
  7716 | D:5      | Reached skill level 1 in Fighting
  7973 | D:6      | Slain by a centaur

Skill      XL: |  1  2  3  4  5  6  7  8 |
---------------+-------------------------+-----
Conjurations   | 3 4 5 |  5.2
Spellcasting   | 3 4 5 7 |  7.4
Hexes          | 1 2 3 4 |  4.6
Dodging        | 4 |  4.4
Evocations     | 1 2 |  2.2
Fighting       | 1 |  1.0
Maces & Flails | |  0.3
Stealth        | |  3.5

Action                   |  1- 3 |  4- 6 |  7- 9 || total
-------------------------+-------+-------+-------++-------
Melee: Club              |    23 |    17 |       ||    40
       Short sword       |       |       |     6 ||     6
 Cast: Magic Dart        |   106 |   144 |   103 ||   353
       Dazzling Spray    |       |     6 |     7 ||    13
       Iskenderun's Myst |       |       |     7 ||     7
       Fulminant Prism   |       |       |     4 ||     4
Evoke: Wand              |       |    10 |    10 ||    20
  Use: Potion            |       |     4 |       ||     4
  Eat: Ration            |       |     1 |     2 ||     3
Armor: Robe              |       |     3 |     4 ||     7
Dodge: Dodged            |    49 |    43 |    40 ||   132
